[Event "Titled Tuesday Blitz November 30 2021"]
[White "Indjic, Aleksandar"]
[Black "Radovic, Janko"]
[WhiteFideId "911925"]
[BlackFideId "911518"]
[WhiteElo "2643"]
[BlackElo "2293"]
[Result "1-0"]
[Round "06"]
[TimeControl "180+1"]
[Date "2021.11.30"]
[WhiteClock "0:00:16"]
[BlackClock "0:00:02"]

1. c4 Nf6 2. Nc3 e6 3. e4 d6 4. d4 Nbd7 5. Nf3 e5 6. Be2 Be7 7. Be3 O-O 8. Qc2 c6 9. h3 a6 10. d5 cxd5 11. cxd5 b5 12. Nd2 Nc5 13. Bxc5 dxc5 14. a4 b4 15. Nd1 Ne8 16. Ne3 Nd6 17. Ndc4 Nxc4 18. Nxc4 f5 19. d6 Bg5 20. Rd1 Qf6 21. O-O Bb7 22. Bf3 Bh4 23. d7 Rad8 24. a5 Qe7 25. Nb6 Bc6 26. Kh1 Bxd7 27. exf5 Bxf5 28. Qc4+ Kh8 29. Qxa6 e4 30. Be2 e3 31. Rxd8 Rxd8 32. fxe3 Qxe3 33. Rxf5 h6 34. Rf1 Rd2 35. Qc8+ Bd8 36. Bf3 Qf4 37. Qg4 1-0


[Site "https://www.chess.com"]

[Event "Titled Tuesday Blitz November 30 2021"]
[White "Jobava, Baadur"]
[Black "Gusarov, Grigory"]
[WhiteFideId "13601520"]
[BlackFideId "24102172"]
[WhiteElo "2731"]
[BlackElo "2254"]
[Result "1-0"]
[Round "06"]
[TimeControl "180+1"]
[Date "2021.11.30"]
[WhiteClock "0:00:50"]
[BlackClock "0:00:16"]

1. e4 c6 2. d4 d5 3. e5 Bf5 4. Nf3 e6 5. Be2 h6 6. O-O Ne7 7. a4 c5 8. c4 Nbc6 9. Na3 Be4 10. dxc5 Nf5 11. cxd5 Bxd5 12. g4 Nh4 13. Nxh4 Qxh4 14. Nb5 Bxc5 15. Nc7+ Kf8 16. Nxd5 Rd8 17. Bf3 exd5 18. Bf4 h5 19. Bg3 Qe7 20. gxh5 Nxe5 21. Re1 Nxf3+ 22. Qxf3 Qf6 23. Qg4 b6 24. b4 Bd6 25. Bh4 Rg8 26. Bxf6 gxf6 27. Qxg8+ Kxg8 28. b5 Be5 29. Rad1 Kh7 30. Kg2 Kh6 31. Kf3 Kxh5 32. Rg1 d4 33. Ke4 Rc8 34. Rd3 Kh4 35. Kf5 Rc5 36. Rg4+ 1-0


[Site "https://www.chess.com"]

[Event "Titled Tuesday Blitz November 30 2021"]
[White "Kamsky, Gata"]
[Black "Samunenkov, Ihor"]
[WhiteFideId "2000024"]
[BlackFideId "14187086"]
[WhiteElo "2645"]
[BlackElo "2348"]
[Result "1/2-1/2"]
[Round "06"]
[TimeControl "180+1"]
[Date "2021.11.30"]
[WhiteClock "0:00:12"]
[BlackClock "0:00:09"]

1. e4 c6 2. Nf3 d5 3. d3 dxe4 4. dxe4 Qxd1+ 5. Kxd1 Nf6 6. Nfd2 Ng4 7. Ke1 e5 8. h3 Nf6 9. a4 Be6 10. Na3 Nbd7 11. Nac4 Bc5 12. Bd3 Ke7 13. Ke2 Rhd8 14. c3 a6 15. b4 Ba7 16. a5 Rac8 17. Rb1 Ne8 18. Ba3 Nd6 19. Rhd1 Nb5 20. Bb2 c5 21. Na3 Nd6 22. f3 Nf6 23. g4 Rd7 24. Nf1 Rcd8 25. Ne3 Bb3 26. Bc2 Bxc2 27. Naxc2 Ke6 28. Nd5 Nc4 29. Nce3 Nxe3 30. Nxe3 Rxd1 31. Rxd1 Rxd1 32. Nxd1 c4 33. Bc1 Ne8 34. Be3 Bxe3 35. Nxe3 Nd6 36. h4 f6 37. h5 g6 38. hxg6 hxg6 39. Kd2 Kf7 40. Ke2 Ke6 41. Kd2 Kf7 42. Ke2 Ke6 1/2-1/2


[Site "https://www.chess.com"]

[Event "Titled Tuesday Blitz November 30 2021"]
[White "Kobalia, Mikhail"]
[Black "Shahade, Gregory"]
[WhiteFideId "4119150"]
[BlackFideId "2009064"]
[WhiteElo "2543"]
[BlackElo "2648"]
[Result "1-0"]
[Round "06"]
[TimeControl "180+1"]
[Date "2021.11.30"]
[WhiteClock "0:00:40"]
[BlackClock "0:00:11"]

1. e4 e5 2. Nf3 Nc6 3. Bb5 a6 4. Ba4 Nf6 5. O-O Be7 6. d3 b5 7. Bb3 d6 8. a4 Bd7 9. Bd2 O-O 10. axb5 axb5 11. Nc3 Rxa1 12. Qxa1 Bg4 13. Nxb5 Bxf3 14. gxf3 Nh5 15. Qa6 Bg5 16. Be3 Bxe3 17. fxe3 Qg5+ 18. Kh1 Qxe3 19. Qa1 Nf4 20. Qe1 Qc5 21. Nxc7 Nb4 22. Qc3 Qe3 23. Qe1 Qa7 24. Nb5 Qc5 25. Nc3 Nc6 26. Nd5 Nd4 27. Nxf4 exf4 28. Qc3 Qe5 29. Bd5 h6 30. b4 Rb8 31. Bxf7+ Kh7 32. Bd5 Nxf3 33. Qxe5 Nxe5 34. d4 Ng6 35. c3 Rc8 36. c4 Rc7 37. b5 Ra7 38. b6 Ra2 39. Rb1 f3 40. b7 f2 41. b8=Q Re2 42. Qg8# 1-0


[Site "https://www.chess.com"]

[Event "Titled Tuesday Blitz November 30 2021"]
[White "Kravtsiv, Martyn"]
[Black "Galchenko, Matvey"]
[WhiteFideId "14113147"]
[BlackFideId "24175480"]
[WhiteElo "2660"]
[BlackElo "2453"]
[Result "1-0"]
[Round "06"]
[TimeControl "180+1"]
[Date "2021.11.30"]
[WhiteClock "0:00:14"]
[BlackClock "0:00:07"]

1. e4 e6 2. d4 d5 3. Nc3 Bb4 4. e5 Ne7 5. Qg4 c5 6. Nf3 cxd4 7. Nxd4 O-O 8. Bd3 Nd7 9. Nf3 Bxc3+ 10. bxc3 Ng6 11. Bxg6 fxg6 12. Ba3 Rf5 13. Bd6 Nf6 14. Qh4 Rh5 15. Qf4 Rf5 16. Qh4 Rh5 17. Qb4 Ne4 18. h4 Rf5 19. c4 a5 20. Qa3 Nxd6 21. exd6 dxc4 22. O-O-O b5 23. Rhe1 b4 24. Qe3 Bd7 25. Ne5 Rc8 26. g4 Rf6 27. Qa7 Rf7 28. Kb1 b3 29. Nxf7 bxc2+ 30. Kxc2 Ba4+ 31. Kc1 Qf6 32. Qd4 Bxd1 33. Qxf6 gxf6 34. d7 Rb8 35. Rxd1 1-0


[Site "https://www.chess.com"]

[Event "Titled Tuesday Blitz November 30 2021"]
[White "Krishnan, Varun"]
[Black "Azarov, Sergei"]
[WhiteFideId "5054508"]
[BlackFideId "13501470"]
[WhiteElo "2672"]
[BlackElo "2494"]
[Result "0-1"]
[Round "06"]
[TimeControl "180+1"]
[Date "2021.11.30"]
[WhiteClock "0:00:11"]
[BlackClock "0:00:18"]

1. e4 e5 2. Nf3 Nc6 3. Bb5 a6 4. Ba4 Nf6 5. O-O Be7 6. Re1 b5 7. Bb3 d6 8. a4 b4 9. a5 O-O 10. d3 Bg4 11. Nbd2 Nd4 12. Bc4 c5 13. b3 Nc6 14. h3 Bd7 15. Nf1 Nxa5 16. Bg5 Nxc4 17. dxc4 Qc7 18. Ne3 Be6 19. Bxf6 Bxf6 20. Nd5 Bxd5 21. Qxd5 a5 22. Ra4 Ra6 23. h4 h5 24. g3 g6 25. Nh2 Qe7 26. Nf1 Bg7 27. Rea1 Rfa8 28. Rd1 Bh6 29. Kg2 Kg7 30. Qd3 Rf8 31. Rda1 Qc7 32. Nh2 f5 33. Nf3 f4 34. Qd5 Rf6 35. Ng5 Bxg5 36. hxg5 Rf7 37. Qe6 Ra8 38. g4 f3+ 39. Kg3 Rh8 40. Rh1 Qd8 41. Raa1 Qxg5 42. Rag1 Qf4+ 0-1


[Site "https://www.chess.com"]

[Event "Titled Tuesday Blitz November 30 2021"]
[White "Krivonosov, Oleg"]
[Black "Pichot, Alan"]
[WhiteFideId "11600349"]
[BlackFideId "110973"]
[WhiteElo "2469"]
[BlackElo "2600"]
[Result "0-1"]
[Round "06"]
[TimeControl "180+1"]
[Date "2021.11.30"]
[WhiteClock "0:01:27"]
[BlackClock "0:00:58"]

1. Nf3 Nf6 2. c4 e6 3. g3 d5 4. d4 Bb4+ 5. Bd2 a5 6. Qc2 O-O 7. Bg2 c5 8. cxd5 cxd4 9. Nxd4 Qb6 10. e3 exd5 11. O-O Nc6 12. Nxc6 bxc6 13. Rc1 Bd7 14. Nc3 h5 15. Na4 Qb8 16. Bxb4 axb4 17. Nc5 Bc8 18. a3 h4 19. axb4 Rxa1 20. Rxa1 h3 21. Bf3 Qxb4 22. Qc3 Qb6 23. b4 Bf5 24. Be2 Re8 25. Bd3 Bxd3 26. Nxd3 Rxe3 27. fxe3 Qxe3+ 28. Kf1 Ne4 29. Qe1 Nd2+ 0-1


[Site "https://www.chess.com"]

[Event "Titled Tuesday Blitz November 30 2021"]
[White "Makarian, Rudik"]
[Black "Tanenbaum, Zachary"]
[WhiteFideId "44105681"]
[BlackFideId "2060850"]
[WhiteElo "2486"]
[BlackElo "2168"]
[Result "1-0"]
[Round "06"]
[TimeControl "180+1"]
[Date "2021.11.30"]
[WhiteClock "0:01:59"]
[BlackClock "0:00:11"]

1. d4 d5 2. c4 dxc4 3. Nf3 a6 4. e3 Nf6 5. Bxc4 e6 6. O-O c5 7. Nbd2 Nc6 8. dxc5 Bxc5 9. a3 O-O 10. b4 Be7 11. Bb2 b5 12. Be2 Bb7 13. Rc1 Rc8 14. Rc2 Qb6 15. Qb1 Rc7 16. Ng5 g6 17. Nge4 Nxe4 18. Nxe4 f5 19. Nc5 Bxc5 20. Rxc5 Ne7 21. Qc2 Rxc5 22. bxc5 Qc6 23. Bf3 Nd5 24. Ba1 Rc8 25. Qb2 Qc7 26. Qh8+ Kf7 27. Qxh7+ Ke8 28. Qxg6+ Qf7 29. Qh6 Rxc5 30. Bh5 1-0


[Site "https://www.chess.com"]

[Event "Titled Tuesday Blitz November 30 2021"]
[White "Maksimovic, Bojan"]
[Black "Le, Tuan Minh"]
[WhiteFideId "14408120"]
[BlackFideId "12401153"]
[WhiteElo "2439"]
[BlackElo "2450"]
[Result "0-1"]
[Round "06"]
[TimeControl "180+1"]
[Date "2021.11.30"]
[WhiteClock "0:00:23"]
[BlackClock "0:02:03"]

1. e4 c5 2. Nf3 Nf6 3. e5 Nd5 4. Nc3 e6 5. Nxd5 exd5 6. d4 Nc6 7. dxc5 Bxc5 8. Bd3 d6 9. exd6 O-O 10. O-O Qxd6 11. c3 Re8 12. Qc2 h6 13. b4 Bb6 14. a4 Bg4 15. a5 Bc7 16. g3 Bxf3 17. Bf4 Qd8 18. Bxc7 Qxc7 19. a6 bxa6 20. Rxa6 Qc8 21. Rfa1 Ne5 22. Bf5 Qc4 23. R6a5 Be4 24. Bxe4 dxe4 25. Rc5 Qd3 26. Qxd3 exd3 27. Rd1 Rad8 28. f4 Ng4 29. h3 d2 0-1


[Site "https://www.chess.com"]

[Event "Titled Tuesday Blitz November 30 2021"]
[White "Manafov, Vugar"]
[Black "Petrovskyi, Vadym"]
[WhiteFideId "13410814"]
[BlackFideId "14165210"]
[WhiteElo "2277"]
[BlackElo "2377"]
[Result "0-1"]
[Round "06"]
[TimeControl "180+1"]
[Date "2021.11.30"]
[WhiteClock "0:01:18"]
[BlackClock "0:02:14"]

1. d4 Nf6 2. c4 g6 3. Nc3 Bg7 4. g3 O-O 5. Bg2 d6 6. Nf3 Nbd7 7. O-O e5 8. e4 c6 9. b3 Re8 10. Bb2 exd4 11. Nxd4 Nc5 12. Re1 a5 13. Qc2 Qe7 14. Rad1 h5 15. Nf3 Bg4 16. h3 Bxf3 17. Bxf3 h4 18. gxh4 Nfd7 19. Bg2 Qxh4 20. Rxd6 Ne5 21. Ne2 Ned3 22. Rxd3 Nxd3 23. Qxd3 Bxb2 24. Qd7 Re7 25. Qd2 Bg7 26. Rd1 Rae8 27. Qxa5 Re5 28. Qc7 Rg5 29. Kf1 Rxg2 30. Kxg2 Qxe4+ 0-1


[Site "https://www.chess.com"]

[Event "Titled Tuesday Blitz November 30 2021"]
[White "Nagy, Gabor"]
[Black "Macovei, Andrei"]
[WhiteFideId "737119"]
[BlackFideId "13904680"]
[WhiteElo "2534"]
[BlackElo "2389"]
[Result "1-0"]
[Round "06"]
[TimeControl "180+1"]
[Date "2021.11.30"]
[WhiteClock "0:01:50"]
[BlackClock "0:01:15"]

1. d4 Nf6 2. Nf3 e6 3. e3 c5 4. Bd3 b6 5. O-O Bb7 6. c4 d5 7. cxd5 Nxd5 8. e4 Nf6 9. Nc3 cxd4 10. Nxd4 Bc5 11. Nb3 Be7 12. Qe2 O-O 13. Rd1 Nbd7 14. Bf4 e5 15. Bg5 Re8 16. Bb5 a6 17. Bxf6 axb5 18. Bxg7 Kxg7 19. Qg4+ Kh8 20. Rxd7 Qc8 21. Qf5 Bc6 22. Rxe7 1-0


[Site "https://www.chess.com"]

[Event "Titled Tuesday Blitz November 30 2021"]
[White "Narayanan.S.L"]
[Black "Papasimakopoulos, Alexandros"]
[WhiteFideId "5058422"]
[BlackFideId "4244125"]
[WhiteElo "2570"]
[BlackElo "2394"]
[Result "1/2-1/2"]
[Round "06"]
[TimeControl "180+1"]
[Date "2021.11.30"]
[WhiteClock "0:00:05"]
[BlackClock "0:00:06"]

1. a3 d5 2. d4 Nf6 3. Nf3 Bf5 4. e3 e6 5. Bd3 Bd6 6. c4 c6 7. Bxf5 exf5 8. Qd3 g6 9. Nc3 dxc4 10. Qxc4 Nbd7 11. O-O Nb6 12. Qb3 O-O 13. Bd2 Qe7 14. Rfd1 Nbd5 15. Rac1 h5 16. Nxd5 Nxd5 17. Ne1 f4 18. Nc2 fxe3 19. Nxe3 Nf4 20. Re1 Qd7 21. Nc4 Bc7 22. Rcd1 Nd5 23. Ne5 Bxe5 24. dxe5 Rfe8 25. Qf3 Qg4 26. Qg3 Qxg3 27. hxg3 Rad8 28. Bg5 f6 29. Bxf6 Nxf6 30. Rxd8 Rxd8 31. exf6 Rd7 32. Re8+ Kf7 33. Rb8 Kxf6 34. Kh2 b6 35. b4 Rd3 36. Rc8 Rc3 37. Rc7 Rxa3 38. Rxc6+ Kg5 39. f4+ Kf5 40. b5 Rb3 41. Rc7 Rxb5 42. Rxa7 Rc5 43. Rf7+ Ke6 44. Rb7 Rc6 45. Kh3 Kf6 46. g4 hxg4+ 47. Kxg4 Rd6 48. g3 Rc6 49. Rd7 Re6 50. Kf3 Re7 51. Rd5 Re6 52. g4 Rc6 53. g5+ Ke6 54. Rb5 Kd7 55. Ke4 Ke6 56. Rb4 Rd6 57. Rc4 Kf7 58. Ke5 Re6+ 59. Kd5 Re7 60. Rc6 Rb7 61. Rc4 b5 62. Rb4 Kg7 63. Kc6 Rb8 64. Kc7 Rf8 65. Kd6 Rf5 66. Ke6 Kg8 67. Rd4 Kg7 68. Re4 Kg8 69. Kd6 Kg7 70. Kc6 Kf7 71. Kc7 b4 72. Rxb4 Ke6 73. Rd4 Rc5+ 74. Kb6 Rc1 75. Kb5 Kf5 76. Rd6 Kxf4 77. Rxg6 Kf5 78. Rg8 Rg1 79. g6 Kf6 80. Kc6 Rxg6 81. Rc8 Ke5+ 82. Kb7 Re6 83. Rc7 Kd6 84. Rc6+ Kd7 85. Rxe6 Kxe6 1/2-1/2


[Site "https://www.chess.com"]

[Event "Titled Tuesday Blitz November 30 2021"]
[White "Onyshchuk, Volodymyr"]
[Black "Andreikin, Dmitry"]
[WhiteFideId "14114038"]
[BlackFideId "4158814"]
[WhiteElo "2603"]
[BlackElo "2736"]
[Result "1-0"]
[Round "06"]
[TimeControl "180+1"]
[Date "2021.11.30"]
[WhiteClock "0:00:43"]
[BlackClock "0:00:02"]

1. e4 c5 2. Nf3 e6 3. b3 b6 4. Bb2 Bb7 5. Nc3 Nc6 6. g3 d6 7. Bg2 Nf6 8. O-O Be7 9. e5 dxe5 10. Nxe5 Qc8 11. f4 O-O 12. Qf3 Na5 13. Qe2 Nc6 14. Qf3 Na5 15. Qf2 Nc6 16. Rae1 Nd4 17. d3 c4 18. Ne4 Bxe4 19. dxe4 Rd8 20. Kh1 Bc5 21. b4 c3 22. Bxc3 Nb5 23. bxc5 Nxc3 24. c6 Nxa2 25. g4 Nb4 26. g5 Ne8 27. f5 Nc7 28. Nxf7 Kxf7 29. fxe6+ Kg8 30. e7 Re8 31. Qf7+ Kh8 32. Bh3 Qb8 33. Bd7 Rg8 34. Re3 Nxc6 35. Rh3 Ne5 36. Rxh7+ Kxh7 37. Qh5# 1-0


[Site "https://www.chess.com"]

[Event "Titled Tuesday Blitz November 30 2021"]
[White "Perez Ponsa, Federico"]
[Black "Mitrabha, Guha"]
[WhiteFideId "117927"]
[BlackFideId "5057000"]
[WhiteElo "2672"]
[BlackElo "2334"]
[Result "0-1"]
[Round "06"]
[TimeControl "180+1"]
[Date "2021.11.30"]
[WhiteClock "0:00:03"]
[BlackClock "0:00:28"]

1. e4 c6 2. d4 d5 3. e5 Bf5 4. Nf3 e6 5. Be2 Ne7 6. c3 Nd7 7. O-O c5 8. dxc5 Nxc5 9. Be3 Nc6 10. c4 dxc4 11. Qc1 Bd3 12. Bxd3 Nxd3 13. Qxc4 Ndb4 14. Nc3 Qd3 15. Qg4 Qg6 16. Qxg6 hxg6 17. Rad1 Na6 18. Ne4 Nc7 19. Bg5 Nd5 20. g3 Be7 21. Bxe7 Kxe7 22. h4 Rhd8 23. a3 Na5 24. Nd6 Rd7 25. b4 Nc6 26. Ne4 Nb6 27. Nc5 Rc7 28. Rd3 a5 29. Rb1 axb4 30. axb4 Nd5 31. Rdb3 b6 32. Ne4 Ra4 33. Nd6 Nxe5 34. Nxe5 Kxd6 35. Nf3 Rc4 36. b5 f6 37. Nd2 Rcb4 38. Kg2 Rxb3 39. Rxb3 Rd4 40. Nf3 Rb4 41. Ra3 Rxb5 42. Ra7 Nc7 43. Nd2 Rb4 44. Kf3 f5 45. Ke3 b5 46. f4 Ra4 47. Rb7 Ra8 48. Rb6+ Kc5 49. Rb7 Kc6 0-1


[Site "https://www.chess.com"]

[Event "Titled Tuesday Blitz November 30 2021"]
[White "Piesik, Piotr"]
[Black "Kollars, Dmitrij"]
[WhiteFideId "1136194"]
[BlackFideId "12909572"]
[WhiteElo "2336"]
[BlackElo "2584"]
[Result "0-1"]
[Round "06"]
[TimeControl "180+1"]
[Date "2021.11.30"]
[WhiteClock "0:02:13"]
[BlackClock "0:02:46"]

1. Nf3 Nf6 2. g3 g6 3. Bg2 Bg7 4. O-O O-O 5. d4 d5 6. c4 Nc6 7. cxd5 Nxd5 8. Nc3 e5 9. Nxd5 e4 10. Ng5 Qxd5 11. Bxe4 Qxd4 12. Bxc6 bxc6 13. Qxd4 Bxd4 14. Nf3 Bg7 15. Bf4 Ba6 16. Rac1 Bxe2 0-1


[Site "https://www.chess.com"]

[Event "Titled Tuesday Blitz November 30 2021"]
[White "Pour Agha Bala, Amirreza"]
[Black "Mirzoev, Azer"]
[WhiteFideId "12572896"]
[BlackFideId "13400304"]
[WhiteElo "2313"]
[BlackElo "2525"]
[Result "1/2-1/2"]
[Round "06"]
[TimeControl "180+1"]
[Date "2021.11.30"]
[WhiteClock "0:00:45"]
[BlackClock "0:00:07"]

1. d4 d5 2. c4 e6 3. Nc3 a6 4. cxd5 exd5 5. Nf3 c6 6. e4 dxe4 7. Nxe4 Nf6 8. Bg5 Bb4+ 9. Nc3 O-O 10. Bd3 Re8+ 11. Be3 Nbd7 12. O-O Nf8 13. Qc2 h6 14. h3 Be6 15. Bf5 Bxf5 16. Qxf5 Nd5 17. Nxd5 Qxd5 18. Qxd5 cxd5 19. Rac1 Rac8 20. Ne5 Ne6 21. Nd3 Bd6 22. g3 Rc4 23. Rxc4 dxc4 24. Nc5 Nxc5 25. dxc5 Bxg3 26. Rc1 Re4 27. Kg2 Be5 28. Rc2 f5 29. Bc1 c3 30. bxc3 Rc4 31. Bb2 Rxc5 32. Kf3 b5 33. Rd2 Bxc3 34. Rd8+ Kh7 35. Bc1 Bf6 36. Rd1 Rc3+ 37. Kg2 Rc2 38. a3 Kg6 39. Bf4 Rc4 40. Be3 Rc3 41. Bc1 a5 42. Bb2 Rb3 43. Bxf6 Kxf6 44. a4 bxa4 45. Rd5 Ra3 46. Rxa5 Ra1 47. h4 a3 48. Ra6+ Ke5 49. Ra5+ Ke4 50. Ra4+ Kd3 51. h5 a2 52. Kf3 Kc3 53. Ra7 Kb3 54. Rb7+ Kc4 55. Ra7 Kd5 56. Kf4 Rh1 57. Ra5+ Ke6 58. Ra6+ Kf7 59. Rxa2 Rxh5 60. Ke5 Kg6 61. Ra6+ Kh7 62. f4 Rh1 63. Kxf5 Rb1 64. Ke4 Rb5 65. f5 Rb4+ 66. Ke5 Rb5+ 67. Ke4 Rb1 68. Kf4 Rf1+ 69. Ke5 Re1+ 70. Kf4 Rf1+ 71. Ke5 Re1+ 72. Kf4 Rf1+ 1/2-1/2


[Site "https://www.chess.com"]

[Event "Titled Tuesday Blitz November 30 2021"]
[White "Preotu, Razvan"]
[Black "Zhigalko, Sergei"]
[WhiteFideId "2613280"]
[BlackFideId "13502956"]
[WhiteElo "2407"]
[BlackElo "2662"]
[Result "0-1"]
[Round "06"]
[TimeControl "180+1"]
[Date "2021.11.30"]
[WhiteClock "0:00:04"]
[BlackClock "0:00:05"]

1. e4 c5 2. Nf3 Nc6 3. Bb5 Nf6 4. Nc3 Qc7 5. O-O Nd4 6. Bc4 e6 7. d3 a6 8. a4 Be7 9. Nxd4 cxd4 10. Ne2 Nxe4 11. Nxd4 Nf6 12. a5 d5 13. Bb3 O-O 14. Nf3 Bd6 15. d4 Bd7 16. Re1 Bb5 17. c3 Ne4 18. g3 f5 19. Ne5 Rac8 20. Kg2 Bxe5 21. dxe5 Rfd8 22. Qd4 Bc4 23. Bc2 Nc5 24. Ra3 h6 25. h4 Qf7 26. Be3 Qh5 27. Bd1 Qf7 28. Bc2 Qh5 29. b3 Be2 30. Qf4 Nd3 31. Bxd3 Bxd3 32. Bd4 Bb5 33. f3 Rd7 34. Rh1 Bd3 35. Qe3 Bb5 36. Raa1 f4 37. Qxf4 Rf8 38. Qg4 Qxg4 39. fxg4 Rdf7 40. h5 Rf3 41. Kh3 Bd3 42. Rhe1 Be4 43. Bc5 R8f7 44. c4 Rxb3 45. cxd5 Bxd5 46. Rab1 Rc3 47. Bd6 Rc2 48. Rbc1 Rff2 49. Rxc2 Rxc2 50. Rf1 Bg2+ 51. Kh2 Bxf1+ 0-1


[Site "https://www.chess.com"]

[Event "Titled Tuesday Blitz November 30 2021"]
[White "Rasulov, Vugar"]
[Black "Madaminov, Mukhiddin"]
[WhiteFideId "13402390"]
[BlackFideId "14210703"]
[WhiteElo "2560"]
[BlackElo "1855"]
[Result "1-0"]
[Round "06"]
[TimeControl "180+1"]
[Date "2021.11.30"]
[WhiteClock "0:00:55"]
[BlackClock "0:00:01"]

1. d4 Nf6 2. c4 e6 3. Nc3 Bb4 4. Bd2 d5 5. e3 O-O 6. Nf3 c5 7. a3 Bxc3 8. Bxc3 Ne4 9. Rc1 Nxc3 10. Rxc3 cxd4 11. Qxd4 Nc6 12. Qd2 dxc4 13. Qxd8 Rxd8 14. Bxc4 Bd7 15. Ke2 Be8 16. Rhc1 Kf8 17. b4 Rac8 18. Bd3 Ne7 19. Be4 b6 20. Rc7 Bb5+ 21. Ke1 Rxc7 22. Rxc7 Rd7 23. Rc3 Ba4 24. Nd4 h6 25. f4 Nd5 26. Rc8+ Ke7 27. Bxd5 Rxd5 28. Kd2 Rd8 29. Rxd8 Kxd8 30. e4 Bd7 31. e5 Ke7 32. Kd3 a6 33. g3 Ba4 34. h4 h5 35. Nf3 Bd1 36. Nd2 Ba4 37. Kc3 Bb5 38. Kb3 f6 39. a4 Bd3 40. Kc3 Be2 41. Kd4 Kf7 42. a5 bxa5 43. bxa5 Kg6 44. Ke4 Bb5 45. Nb3 Bc6+ 46. Ke3 Bb5 47. Nd4 Bc4 48. Kd2 Bd5 49. Kc3 Kf7 50. Kb4 Ke7 51. Kc5 fxe5 52. fxe5 Kd7 53. Kb6 Bc4 54. Nf3 Be2 55. Ne1 Bc4 56. Nc2 Bf1 57. Nb4 Be2 58. Nc6 1-0


[Site "https://www.chess.com"]

[Event "Titled Tuesday Blitz November 30 2021"]
[White "Sadhwani, Raunak"]
[Black "Nikologorskiy, Konstantin"]
[WhiteFideId "35093487"]
[BlackFideId "24111708"]
[WhiteElo "2517"]
[BlackElo "2346"]
[Result "1-0"]
[Round "06"]
[TimeControl "180+1"]
[Date "2021.11.30"]
[WhiteClock "0:00:09"]
[BlackClock "0:00:03"]

1. e4 c5 2. Nf3 d6 3. d4 cxd4 4. Nxd4 Nf6 5. Nc3 a6 6. h3 e5 7. Nb3 Be7 8. g4 h6 9. a4 Be6 10. Bg2 Nbd7 11. Nd5 Rc8 12. a5 Nf8 13. Nxe7 Qxe7 14. f4 exf4 15. Bxf4 d5 16. e5 Ne4 17. O-O Ng6 18. Bh2 h5 19. Nd4 hxg4 20. Nxe6 fxe6 21. Qxg4 Ng5 22. c3 Rh4 23. Qg3 Nh8 24. Rf2 Nhf7 25. Raf1 Rcc4 26. b3 Rce4 27. Kh1 d4 28. cxd4 Rxd4 29. Qc3 Rd7 30. Qg3 Rhd4 31. h4 Ne4 32. Bxe4 Rxe4 33. Rxf7 Qxf7 34. Rxf7 Rxf7 35. Qd3 Rxh4 36. Kg2 Rh6 37. Bg3 Rd7 38. Qc4 Rd2+ 39. Kf3 Rd7 40. Bf4 Rg6 41. Qc8+ Ke7 42. Be3 Rd8 43. Qxb7+ Rd7 44. Bc5+ Ke8 45. Qxa6 Rg5 46. Qc8+ Rd8 47. Qxe6# 1-0


[Site "https://www.chess.com"]

[Event "Titled Tuesday Blitz November 30 2021"]
[White "Seo, Jung Min"]
[Black "Nakamura, Hikaru"]
[WhiteFideId "1734687"]
[BlackFideId "2016192"]
[WhiteElo "2472"]
[BlackElo "2884"]
[Result "0-1"]
[Round "06"]
[TimeControl "180+1"]
[Date "2021.11.30"]
[WhiteClock "0:00:50"]
[BlackClock "0:01:52"]

1. d4 g6 2. e4 Bg7 3. Nc3 a6 4. Nf3 b5 5. Bd3 Bb7 6. O-O d6 7. Re1 Nd7 8. a4 b4 9. Nd5 a5 10. c3 bxc3 11. bxc3 Ngf6 12. Nxf6+ exf6 13. Rb1 Qc8 14. Qb3 Rb8 15. Qb5 O-O 16. Qxa5 c5 17. Bf4 Ra8 18. Qb5 Ba6 19. Bxd6 Bxb5 20. Bxb5 Rd8 21. Be7 Re8 22. Bd6 Re6 23. Bg3 Bf8 24. d5 Re8 25. Nd2 Ne5 26. f4 Ng4 27. h3 Nh6 28. Nc4 Ra7 29. d6 Rd8 30. Red1 Qe6 31. e5 Nf5 32. Bh2 fxe5 33. fxe5 Bh6 34. Nb6 Ne3 35. Rd3 Qa2 0-1


[Site "https://www.chess.com"]

[Event "Titled Tuesday Blitz November 30 2021"]
[White "Siva Mahadevan"]
[Black "Atakishiyev, Elmar"]
[WhiteFideId "25043153"]
[BlackFideId "13410547"]
[WhiteElo "2203"]
[BlackElo "2088"]
[Result "0-1"]
[Round "06"]
[TimeControl "180+1"]
[Date "2021.11.30"]
[WhiteClock "0:00:16"]
[BlackClock "0:00:13"]

1. e4 e6 2. d4 d5 3. Nd2 dxe4 4. Nxe4 Nd7 5. Nf3 Ngf6 6. Bd3 c5 7. O-O Nxe4 8. Bxe4 Nf6 9. Bd3 cxd4 10. Nxd4 Bc5 11. Nf3 O-O 12. Qe2 b6 13. Bg5 Bb7 14. Rad1 Qc7 15. Rfe1 h6 16. Bh4 Bd6 17. Bxf6 gxf6 18. Be4 Rad8 19. Bxb7 Qxb7 20. Nd4 Be5 21. Qg4+ Kh7 22. c3 Rg8 23. Qf3 Qxf3 24. Nxf3 Bc7 25. Nd4 Rd5 26. Nc6 Rc5 27. Nb4 a5 28. Na6 Rc6 29. Nxc7 Rxc7 30. Rd6 Rb8 31. Red1 Rbb7 32. Kf1 b5 33. R1d4 b4 34. c4 a4 35. Ke2 Rc5 36. Kd3 Kg6 37. Rd7 Rb6 38. R4d6 Rb8 39. Rd8 Rb7 40. R6d7 Rb6 41. Kd4 Rbc6 42. b3 axb3 43. axb3 Re5 44. f4 Re2 45. g4 Kg7 46. Rd6 Rd2+ 0-1


[Site "https://www.chess.com"]

[Event "Titled Tuesday Blitz November 30 2021"]
[White "Svane, Frederik"]
[Black "Dronavalli, Harika"]
[WhiteFideId "12923044"]
[BlackFideId "5015197"]
[WhiteElo "2459"]
[BlackElo "2422"]
[Result "0-1"]
[Round "06"]
[TimeControl "180+1"]
[Date "2021.11.30"]
[WhiteClock "0:00:07"]
[BlackClock "0:00:15"]

1. c4 c5 2. Nc3 Nc6 3. Nf3 e5 4. e3 f5 5. d4 e4 6. d5 exf3 7. dxc6 dxc6 8. Qxf3 Nf6 9. b3 Bd6 10. Bb2 Be5 11. Qd1 Qe7 12. Be2 O-O 13. O-O Be6 14. Qc2 Rad8 15. Bf3 Ng4 16. h3 Nh2 17. Ne2 Nxf3+ 18. gxf3 Qg5+ 19. Kh1 Bxb2 20. Qxb2 f4 21. Nxf4 Qh6 22. Qe5 Bxh3 23. Rfd1 Bg4+ 24. Kg2 Rde8 25. Qxc5 Rxf4 26. fxg4 Rxg4+ 27. Kf3 Qh3+ 28. Ke2 Rf8 29. Kd2 Rg2 30. Kc3 Rgxf2 31. Kb4 R2f5 32. Qxa7 c5+ 33. Ka3 Qxe3 34. Rd6 Qc3 35. Rad1 Qb4+ 36. Kb2 Rf2+ 37. Kb1 Qc3 38. Qa3 Qc2+ 39. Ka1 Qc3+ 40. Kb1 h6 41. Qc1 Qa5 42. R6d2 R2f6 43. Qc2 Rf3 44. Kb2 Qc7 45. Rd7 Qe5+ 46. Kb1 Rf1 47. Rd2 R1f3 48. Rd3 Rf2 49. R3d2 R2f7 50. a4 Rf3 51. Ka2 Rf1 52. Rd5 Qf6 53. R5d2 Rxd1 54. Qxd1 Qf1 55. Qc2 Qf5 56. Qd1 Qf3 57. Qc2 Qf1 58. Qg6 Qf7 59. Qe4 Qf4 60. Qxb7 Qxd2+ 61. Ka3 Qb4+ 62. Qxb4 cxb4+ 63. Kxb4 h5 64. a5 h4 65. Kc5 h3 0-1


[Site "https://www.chess.com"]

[Event "Titled Tuesday Blitz November 30 2021"]
[White "Sviridov, Valery"]
[Black "Durarbayli, Vasif"]
[WhiteFideId "4120680"]
[BlackFideId "13402935"]
[WhiteElo "2454"]
[BlackElo "2522"]
[Result "1-0"]
[Round "06"]
[TimeControl "180+1"]
[Date "2021.11.30"]
[WhiteClock "0:00:44"]
[BlackClock "0:00:14"]

1. Nf3 Nf6 2. g3 b6 3. Bg2 Bb7 4. O-O c5 5. c4 e6 6. Nc3 Be7 7. d4 cxd4 8. Qxd4 d6 9. Rd1 a6 10. Bg5 Nbd7 11. e4 Qc7 12. Rac1 Rc8 13. b3 O-O 14. Bxf6 Nxf6 15. Qe3 Rfe8 16. h3 Bf8 17. Re1 Nd7 18. Nd4 Qb8 19. Red1 Qa8 20. Nde2 Nf6 21. Qxb6 Nxe4 22. Nxe4 Bxe4 23. Bxe4 Qxe4 24. Nf4 Rc5 25. h4 a5 26. Nd3 Rf5 27. Nf4 Rc5 28. Nd3 Rf5 29. c5 dxc5 30. Nxc5 Qe2 31. Rf1 Qxa2 32. Qc6 Rd8 33. Nxe6 Rd6 34. Qxd6 1-0


[Site "https://www.chess.com"]